 Dungeon Crawl Stone Soup version 0.31.0-4-g52a2dc7128 (webtiles) character file.

Game seed: 1065712476816411626

259 jagang the Trooper (level 6, -1/49 HPs)
             Began as a Human Monk on Jan 22, 2024.
             Slain by Blork the orc
             ... wielding a +0 scimitar
              (4 damage)
             ... on level 4 of the Dungeon.
             The game lasted 00:07:38 (2922 turns).

jagang the Trooper (Human Monk)                     Turns: 2922, Time: 00:07:39

Health: -1/49      AC: 12    Str: 12    XL:     6   Next: 17%
Magic:  6/6        EV:  3    Int: 10    God:
Gold:   67         SH:  0    Dex: 17    Spells: 5/5 levels left

rFire   . . .        a - +0 falchion
rCold   . . .        d - orb {light}
rNeg    . . .        q - +0 plate armour
rPois   .            (no helmet)
rElec   .            s - +0 cloak
rCorr   .            (no gloves)
SInv    .            (no boots)
Will    .....        (no amulet) Stlth
                     (no ring)
HPRegen 0.28/turn    (no ring)
MPRegen 0.10/turn

%: no passive effects
@: glowing
A: explore regen
a: no special abilities


You were on level 4 of the Dungeon.
You visited 1 branch of the dungeon, and saw 4 of its levels.

You collected 144 gold pieces.
You spent 77 gold pieces at shops.

Inventory:

Hand Weapons
 a - a +0 falchion (weapon)
 o - a +0 dagger of venom
Missiles
 h - 7 poisoned darts (quivered)
Armour
 d - an orb of light (worn)
 q - a +0 plate armour (worn)
 s - a +0 cloak (worn)
Wands
 n - a wand of flame (7)
Scrolls
 b - a scroll of teleportation
 e - a scroll of vulnerability {unknown}
 g - a scroll of enchant armour {unknown}
 i - 2 scrolls of revelation {unknown}
 j - 2 scrolls of blinking {unknown}
 k - 2 scrolls of identify
 m - a scroll of acquirement {unknown}
 t - a scroll of fear {unknown}
Potions
 c - a potion of ambrosia
 f - a potion of berserk rage {unknown}
 l - a potion of haste {unknown}
 p - a potion of brilliance {unknown}
 r - a potion of mutation {unknown}


   Skills:
 * Level 4.6 Fighting
 * Level 4.5 Long Blades
 * Level 3.1 Armour
 - Level 3.0 Dodging


You had 5 spell levels left.
You didn't know any spells.
Your spell library contained the following spells:

 Spells                   Type           Power      Damage    Failure   Level
 Scorch                   Fire           0%         2d5       100%        2
 Stone Arrow              Conj/Erth      0%         3d7       100%        3
 Animate Armour           Summ/Erth      0%         N/A       100%        4
 Flame Wave               Conj/Fire      0%         2d4       100%        4
 Summon Cactus Giant      Summ           0%         N/A       100%        6
 Lehudib's Crystal Spear  Conj/Erth      0%         10d2      100%        8


Dungeon Overview and Level Annotations

Branches:
Dungeon (4/15)
 Temple: D:4-7

Altars:
Zin

Shops:
D:1 ?   D:3 [

Annotations:
D:4 Blork the orc


Innate Abilities, Weirdness & Mutations

You regain HP and MP as you explore.


Message History

Blork the orc hits you with a +0 scimitar.
You barely miss Blork the orc.
Blork the orc is lightly wounded.
Blork the orc hits you but does no damage.
You barely miss Blork the orc.
Blork the orc is lightly wounded.
Blork the orc hits you with a +0 scimitar!
You hit Blork the orc.
Blork the orc is lightly wounded.
Blork the orc hits you with a +0 scimitar.
* * * LOW HITPOINT WARNING * * *
You hit Blork the orc.
Blork the orc is moderately wounded.
Blork the orc hits you with a +0 scimitar.
* * * LOW HITPOINT WARNING * * *
You hit Blork the orc.
Blork the orc is moderately wounded.
Blork the orc looks satisfied for a moment.
Blork the orc hits you with a +0 scimitar.
* * * LOW HITPOINT WARNING * * *
You hit Blork the orc.
Blork the orc is moderately wounded.
Blork the orc hits you but does no damage.
You hit Blork the orc.
Blork the orc is heavily wounded.
Blork the orc jeers repeatedly.
Blork the orc hits you with a +0 scimitar.
* * * LOW HITPOINT WARNING * * *
You hit Blork the orc.
Blork the orc is severely wounded.
Blork the orc hits you with a +0 scimitar.
* * * LOW HITPOINT WARNING * * *
You hit Blork the orc.
Blork the orc is severely wounded.
Blork the orc casts a spell.
Blork the orc seems to speed up.
You hit Blork the orc.
Blork the orc is severely wounded.
Blork the orc hits you with a +0 scimitar.
You die...

## #### ## #.###... #.
#..#... #.## ### #...##
.# . #.#####.### ##..###
.#
#..#####.........####...#
..
#..........#####........#
.. #.........##
#.........## .#
.########o@# #...........
## #...## #...##.......
.. #....# #..####......
.. #....##..## ##..### ..
##........# #..# # ..
##........## ##..### ..
##.........# #...... ..
##............ ....... ..
#.........##... ...#...


You could see Blork the orc (fast).

Vanquished Creatures
  A scorpion (D:3)
  A hound (D:3)
  A jelly (D:4)
  Crazy Yiuf (D:4)
  Jessica (D:2)
  2 adders (D:3)
  2 ribbon worms
  A dart slug (D:2)
  7 orcs
  3 ball pythons
  3 endoplasms
  A giant cockroach (D:3)
  2 goblins
  A hobgoblin (D:1)
  4 jackals (D:1)
  8 kobolds
  2 quokkas
  6 bats
  2 frilled lizards
  5 rats
54 creatures vanquished.

Notes
Turn   | Place    | Note
-------+----------+-------------------------------------------
     0 | D:1      | jagang the Human Monk began the quest for the Orb.
     0 | D:1      | Reached XP level 1. HP: 18/18 MP: 1/1
   232 | D:1      | Reached XP level 2. HP: 21/24 MP: 2/2
   508 | D:1      | Reached skill level 1 in Armour
   551 | D:1      | Found Utefi's Magic Scroll Emporium.
   560 | D:1      | Bought a scroll of identify for 22 gold pieces
   756 | D:2      | Found a faded altar of an unknown god.
   857 | D:2      | Found a glowing silver altar of Zin.
   862 | D:2      | Noticed Jessica
   867 | D:2      | Killed Jessica
   868 | D:2      | Reached XP level 3. HP: 18/29 MP: 3/3
  1303 | D:1      | Bought a scroll of identify for 22 gold pieces
  1303 | D:1      | Bought a scroll of teleportation for 33 gold pieces
  1351 | D:3      | Noticed a scorpion
  1359 | D:2      | Reached XP level 4. HP: 37/37 MP: 4/4
  1486 | D:3      | Found a transporter.
  1488 | D:3      | Found Zehuet's Antique Armour Shoppe.
  1490 | D:3      | Found a transporter.
  2419 | D:3      | Killed a scorpion
  2420 | D:3      | Reached XP level 5. HP: 4/42 MP: 5/5
  2422 | D:3      | HP: 2/42 [poisoned by a scorpion]
  2730 | D:4      | Found a runed translucent door.
  2731 | D:4      | Noticed Crazy Yiuf
  2739 | D:4      | Killed Crazy Yiuf
  2740 | D:4      | Reached XP level 6. HP: 42/49 MP: 6/6
  2891 | D:4      | Noticed Blork the orc
  2920 | D:4      | HP: 2/49 [Blork the orc/+0 scimitar (2)]
  2922 | D:4      | Slain by Blork the orc

Illustrated notes

Levels and vault maps discovered:
D:1:      orjb1_clovarrival, layout_loops_ring, serial_shops,
          nicolae_lakefront_shop, minmay_crystal_room
D:2:      layout_rooms, nicolae_ecumenical_pavilion, basic_altar,
          chequers_serial_rivers_marsh, uniq_jessica
D:3:      layout_rooms, serial_shops, nicolae_shop_drivethru
D:4:      layout_layer_cave, abandoned_shop, uniq_natasha, uniq_blork_the_orc,
          uniq_duvessa, uniq_crazy_yiuf_cottage

Skill      XL: |  1  2  3  4  5 |
---------------+----------------+-----
Armour         | 1 2 3 |  3.1
Fighting       | 4 |  4.6
Long Blades    | 4 |  4.5
Dodging        | |  3.0

Action                     |  1- 3 |  4- 6 || total
---------------------------+-------+-------++-------
  Melee: Falchion          |    67 |   135 ||   202
    Use: Potion            |       |     2 ||     2
         Scroll            |       |     1 ||     1
 Armour: Robe              |    29 |       ||    29
         Leather armour    |     3 |    18 ||    21
         Plate armour      |       |   135 ||   135
  Dodge: Dodged            |    54 |    30 ||    84
